[Event "Titled Tuesday Blitz March 28 Late 2023"]
[White "Becerra, Juan David"]
[Black "SalihEke"]
[WhiteFideId "4404998"]
[WhiteElo "2282"]
[BlackElo "2150"]
[Result "1-0"]
[Round "02"]
[TimeControl "180+2"]
[Date "2023.03.28"]
[WhiteClock "0:00:12"]
[BlackClock "0:00:24"]

1. e4 e6 2. d4 d5 3. Nc3 Nf6 4. Bg5 Be7 5. e5 Nfd7 6. Bxe7 Qxe7 7. f4 O-O 8. Nf3 c5 9. dxc5 Nxc5 10. Bd3 Nxd3+ 11. Qxd3 Nc6 12. O-O b6 13. Ne2 Qc5+ 14. Ned4 a5 15. Rfd1 Ba6 16. Qd2 Rfc8 17. c3 b5 18. Kh1 b4 19. Nxc6 Rxc6 20. cxb4 Qxb4 21. Nd4 Rc4 22. Qxb4 axb4 23. Kg1 Rac8 24. Kf2 Kf8 25. Ke3 Ke7 26. Rd2 Rc1 27. Rd1 Rxa1 28. Rxa1 f6 29. exf6+ gxf6 30. Rd1 Kd6 31. g3 Ke7 32. Rd2 Rc1 33. Rc2 Re1+ 34. Kf2 Rf1+ 35. Kg2 Bd3 36. Nc6+ Kd6 37. Nxb4 Bb5 38. a4 Bxa4 39. Kxf1 Bxc2 40. Nxc2 Kc5 41. Ke2 Kc4 42. Kd2 e5 43. fxe5 fxe5 44. Ne3+ Kd4 45. b4 e4 46. Nxd5 Kxd5 47. Ke3 h5 48. h4 Ke5 49. b5 Kf5 50. b6 Kg4 51. b7 Kxg3 52. b8=Q+ Kxh4 53. Qg8 Kh3 54. Kxe4 Kh4 55. Kf3 Kh3 56. Qg3# 1-0


[Site "https://www.chess.com"]

[Event "Titled Tuesday Blitz March 28 Late 2023"]
[White "KSho99"]
[Black "Mazurkiewicz, Michal"]
[BlackFideId "1124943"]
[WhiteElo "2147"]
[BlackElo "2054"]
[Result "0-1"]
[Round "02"]
[TimeControl "180+2"]
[Date "2023.03.28"]
[WhiteClock "0:00:05"]
[BlackClock "0:00:10"]

1. e4 d6 2. d4 Nf6 3. Nc3 c6 4. f4 Qb6 5. Nf3 Bg4 6. Be2 e6 7. a3 d5 8. e5 Nfd7 9. Be3 c5 10. Na4 Qa5+ 11. c3 cxd4 12. b4 Qc7 13. cxd4 b6 14. Rc1 Qb7 15. Qc2 Be7 16. Qc8+ Qxc8 17. Rxc8+ Bd8 18. Ba6 b5 19. Bxb5 a6 20. Bc6 Nxc6 21. Rxa8 Ndb8 22. Kf2 Kd7 23. Nc5+ Kc8 24. Rc1 Bb6 25. Ng5 Bxc5 26. Rxc5 Kb7 27. Nxf7 Rf8 28. Rxb8+ Nxb8 29. Nd6+ Kb6 30. h3 Bf5 31. g4 Bd3 32. Ke1 Nd7 33. Rc3 Bb5 34. Kd2 g5 35. f5 exf5 36. gxf5 Ba4 37. Bxg5 Rg8 38. h4 h6 39. Be3 Rg2+ 40. Ke1 Rh2 41. e6 Nf6 42. Bxh6 Rh1+ 43. Ke2 Rh2+ 44. Kd3 Rh3+ 45. Kd2 Rh2+ 46. Ke1 Rh1+ 47. Kf2 Ng4+ 48. Kg2 Rxh4 49. Bg5 Rh5 50. e7 Rxg5 51. e8=Q Nf6+ 52. Kf3 Nxe8 53. Nxe8 Bxe8 54. Rc5 Rxf5+ 55. Ke3 Bc6 56. Kd3 Rf3+ 57. Kc2 Rf4 0-1


[Site "https://www.chess.com"]

[Event "Titled Tuesday Blitz March 28 Late 2023"]
[White "Mujumdar, Sameer"]
[Black "dDobravcan"]
[WhiteFideId "2029707"]
[WhiteElo "2104"]
[BlackElo "2147"]
[Result "1-0"]
[Round "02"]
[TimeControl "180+2"]
[Date "2023.03.28"]
[WhiteClock "0:01:00"]
[BlackClock "0:00:06"]

1. d4 d6 2. c4 e5 3. Nf3 e4 4. Nfd2 f5 5. e3 Nf6 6. Be2 c5 7. O-O g6 8. b3 Bg7 9. Bb2 cxd4 10. Bxd4 Nc6 11. Bb2 O-O 12. Nc3 Ne5 13. Qc2 Be6 14. Rad1 Rc8 15. Qb1 g5 16. Nb5 Qe7 17. Nxa7 Ra8 18. Nb5 h5 19. Nxd6 Qxd6 20. Nxe4 Qc7 21. Nxg5 Nfg4 22. g3 Bd7 23. h3 Nxe3 24. fxe3 Ng6 25. Kf2 h4 26. Rg1 f4 27. gxf4 1-0


[Site "https://www.chess.com"]

[Event "Titled Tuesday Blitz March 28 Late 2023"]
[White "Hartikainen, Jarmo"]
[Black "Yeritsyan, Hayk"]
[WhiteFideId "503134"]
[BlackFideId "13307320"]
[WhiteElo "2144"]
[BlackElo "2439"]
[Result "0-1"]
[Round "02"]
[TimeControl "180+2"]
[Date "2023.03.28"]
[WhiteClock "0:00:16"]
[BlackClock "0:00:53"]

1. e4 c6 2. d4 d5 3. Nc3 dxe4 4. Nxe4 Nd7 5. Ng5 h6 6. Ne6 Qb6 7. Nxf8 Nxf8 8. Nf3 Bf5 9. Bd3 Bxd3 10. Qxd3 Nf6 11. O-O Ng6 12. c4 O-O 13. b3 e6 14. Bb2 Rad8 15. Qc3 Ne4 16. Qc2 Nf6 17. Rfe1 Rfe8 18. Rad1 Qc7 19. Ne5 Nxe5 20. dxe5 Nd7 21. f4 Nf8 22. Qc3 Rxd1 23. Rxd1 Rd8 24. Rd6 c5 25. Qd2 Rd7 26. g4 Rxd6 27. exd6 Qc6 28. f5 Qf3 29. d7 Qxg4+ 30. Kh1 Qe4+ 31. Kg1 Nxd7 32. Qxd7 Qb1+ 33. Kg2 Qxb2+ 34. Kg3 Qe5+ 35. Kg2 Qe4+ 36. Kg3 exf5 37. Qc8+ Kh7 38. Qxc5 b6 39. Qc7 Qe3+ 40. Kg2 f4 41. Qb7 Qe2+ 42. Kg1 f3 0-1


[Site "https://www.chess.com"]

[Event "Titled Tuesday Blitz March 28 Late 2023"]
[White "Hoffmann, Asa"]
[Black "Winkels, Marcel"]
[WhiteFideId "2001470"]
[BlackFideId "1003887"]
[WhiteElo "2117"]
[BlackElo "1900"]
[Result "1-0"]
[Round "02"]
[TimeControl "180+2"]
[Date "2023.03.28"]
[WhiteClock "0:01:31"]
[BlackClock "0:00:39"]

1. d4 Nf6 2. Bg5 c5 3. d5 d6 4. Nc3 g6 5. e4 Bg7 6. f3 O-O 7. Qd2 e6 8. dxe6 Bxe6 9. O-O-O Nc6 10. Bh6 Nd4 11. Nge2 Nxe2+ 12. Bxe2 Qa5 13. a3 Rfd8 14. Bxg7 Kxg7 15. g4 d5 16. g5 Nh5 17. exd5 a6 18. f4 b5 19. Qe3 b4 20. dxe6 bxc3 21. Qe5+ Kg8 22. exf7+ Kf8 23. Qh8+ Ke7 24. f8=Q+ Rxf8 25. Qe5+ Kf7 26. Bc4# 1-0


[Site "https://www.chess.com"]

[Event "Titled Tuesday Blitz March 28 Late 2023"]
[White "Ozdemir, Serhan Berat"]
[Black "Tsukerman, Julia"]
[WhiteFideId "6374611"]
[BlackFideId "2621649"]
[WhiteElo "2015"]
[BlackElo "1667"]
[Result "1-0"]
[Round "02"]
[TimeControl "180+2"]
[Date "2023.03.28"]
[WhiteClock "0:00:02"]
[BlackClock "0:00:01"]

1. e4 c5 2. Nf3 d6 3. d4 cxd4 4. Nxd4 Nf6 5. Nc3 a6 6. Bg5 e6 7. f4 Be7 8. Qf3 Nbd7 9. O-O-O Qc7 10. g4 b5 11. a3 Bb7 12. Bxf6 Nxf6 13. g5 Nd7 14. h4 Nc5 15. h5 Rc8 16. Bh3 Qa5 17. Kb1 Qb6 18. g6 Bf6 19. gxf7+ Kxf7 20. Rhg1 Rhe8 21. Qe2 Re7 22. e5 dxe5 23. fxe5 Bh4 24. Qg4 Kg8 25. Qxh4 Rce8 26. h6 g6 27. Rgf1 Na4 28. Nxa4 bxa4 29. Qf6 Bd5 30. Nf5 Rb7 31. Qg7+ Rxg7 32. Nxg7 Rb8 33. b4 axb3 34. c4 b2 35. Rf4 Qb3 36. Bxe6+ Bxe6 37. Rdf1 1-0


[Site "https://www.chess.com"]

[Event "Titled Tuesday Blitz March 28 Late 2023"]
[White "Vargas Rodriguez, Wilver"]
[Black "reevecanada"]
[WhiteFideId "3509672"]
[WhiteElo "2238"]
[BlackElo "2435"]
[Result "0-1"]
[Round "02"]
[TimeControl "180+2"]
[Date "2023.03.28"]
[WhiteClock "0:00:04"]
[BlackClock "0:01:00"]

1. e4 c5 2. Nf3 d6 3. d4 cxd4 4. Nxd4 Nf6 5. Nc3 a6 6. Bc4 e6 7. Bb3 Be7 8. Bg5 O-O 9. Qf3 Qc7 10. O-O-O b5 11. e5 Bb7 12. exd6 Bxd6 13. Qe3 h6 14. Ndxb5 axb5 15. Nxb5 Qa5 16. Nxd6 Nd5 17. Qd2 Qa6 18. Nxb7 Qxb7 19. Bxd5 exd5 20. Qxd5 Qxd5 21. Rxd5 hxg5 22. a3 Nc6 23. Rxg5 Nd4 24. h4 Rfd8 25. h5 Rac8 26. c3 Nb3+ 27. Kc2 Rb8 28. Rd1 Re8 29. h6 g6 30. Rd7 Re2+ 31. Kd1 Rxf2 32. Rg4 Rxb2 33. Rb4 Re8 34. h7+ Kxh7 35. Rxf7+ Kh6 36. Rf1 Rd2# 0-1


[Site "https://www.chess.com"]

[Event "Titled Tuesday Blitz March 28 Late 2023"]
[White "Djordjevic, Dejan N"]
[Black "Silva Lucena, Cristian"]
[WhiteFideId "913316"]
[BlackFideId "2232588"]
[WhiteElo "2261"]
[BlackElo "2223"]
[Result "0-1"]
[Round "02"]
[TimeControl "180+2"]
[Date "2023.03.28"]
[WhiteClock "0:00:11"]
[BlackClock "0:00:24"]

1. e4 c5 2. Nc3 e6 3. g3 Nc6 4. Bg2 d6 5. Nge2 Be7 6. O-O h5 7. h3 Nf6 8. d4 cxd4 9. Nxd4 a6 10. Be3 Ne5 11. b3 Qc7 12. Nce2 Bd7 13. c4 b5 14. f4 Neg4 15. hxg4 Nxg4 16. Bd2 bxc4 17. Rc1 Qa7 18. e5 dxe5 19. fxe5 Rd8 20. Rf4 g5 21. Rxg4 hxg4 22. Kf1 Qc5 23. Rxc4 Qxe5 24. Qc1 Qf6+ 25. Ke1 Rh2 26. Be4 Qf2+ 27. Kd1 f5 28. Bb7 e5 29. Be1 Qf1 30. Qe3 exd4 31. Rxd4 Qxe2+ 32. Qxe2 Rxe2 33. Kxe2 Bb5+ 34. Ke3 Bc5 35. Bc3 f4+ 36. gxf4 gxf4+ 37. Ke4 Bxd4 38. Bxd4 f3 39. a4 Rxd4+ 40. Kxd4 f2 41. Bg2 f1=Q 0-1


[Site "https://www.chess.com"]

[Event "Titled Tuesday Blitz March 28 Late 2023"]
[White "Gonzalez, Francisco Silva"]
[Black "Eliteplayer3"]
[WhiteFideId "1512285"]
[WhiteElo "2074"]
[BlackElo "2125"]
[Result "1-0"]
[Round "02"]
[TimeControl "180+2"]
[Date "2023.03.28"]
[WhiteClock "0:00:43"]
[BlackClock "0:01:09"]

1. d4 e6 2. c4 f5 3. e3 Nf6 4. Bd3 Be7 5. Nc3 O-O 6. Nge2 d6 7. Qc2 b6 8. b3 Bb7 9. f3 Qe8 10. O-O Nbd7 11. Bd2 e5 12. Bxf5 Qh5 13. Ng3 Qh4 14. Nb5 c6 15. Be6+ Kh8 16. Nf5 Qh5 17. Nbxd6 Ba6 18. Ng3 Qg6 19. Bf5 Qg5 20. e4 Qh4 21. Bxd7 Nxd7 22. Ndf5 Qf6 23. Nxe7 Qxe7 24. Bc3 Rad8 25. Nf5 Qe6 26. d5 cxd5 27. cxd5 Qg6 28. Bb4 Bxf1 29. Bxf8 Rxf8 30. Rxf1 Nc5 31. b4 Nb7 32. Qc6 Qf7 33. Rc1 g6 34. Nh6 Qf4 35. Rf1 Nd8 36. Qc1 Qh4 37. Ng4 Nf7 38. g3 Qg5 39. Qxg5 Nxg5 40. Nxe5 Re8 41. Nc6 Rf8 42. Kg2 a5 43. h4 Nf7 44. bxa5 bxa5 45. e5 Re8 46. f4 Nd6 47. exd6 1-0


[Site "https://www.chess.com"]

[Event "Titled Tuesday Blitz March 28 Late 2023"]
[White "Dzida, Kamil"]
[Black "Dominguez Rincon, Miller Duvan"]
[WhiteFideId "21828652"]
[BlackFideId "4406583"]
[WhiteElo "2139"]
[BlackElo "2005"]
[Result "1-0"]
[Round "02"]
[TimeControl "180+2"]
[Date "2023.03.28"]
[WhiteClock "0:02:44"]
[BlackClock "0:00:51"]

1. e4 e5 2. Nf3 Nc6 3. Bb5 a6 4. Bxc6 dxc6 5. O-O Qf6 6. d4 exd4 7. Bg5 Qd6 8. e5 Qd5 9. Nxd4 c5 10. Nb5 Qxd1 11. Rxd1 axb5 12. Rd8# 1-0


[Site "https://www.chess.com"]

[Event "Titled Tuesday Blitz March 28 Late 2023"]
[White "Przybylski, Wojciech"]
[Black "Narva, Triin"]
[WhiteFideId "1117599"]
[BlackFideId "4502680"]
[WhiteElo "2222"]
[BlackElo "1944"]
[Result "1-0"]
[Round "02"]
[TimeControl "180+2"]
[Date "2023.03.28"]
[WhiteClock "0:01:07"]
[BlackClock "0:00:01"]

1. d4 g6 2. e4 Bg7 3. Nc3 d6 4. Nf3 Nd7 5. Bc4 Nb6 6. Bb3 Nf6 7. a4 a5 8. O-O O-O 9. h3 c6 10. Qe2 Qc7 11. Bf4 Nh5 12. Bh2 e5 13. Rad1 h6 14. dxe5 dxe5 15. Nh4 Kh7 16. Qe3 Bd7 17. Qc5 Nc8 18. Nf3 b6 19. Qe3 Nf4 20. Rd2 Ne7 21. Rfd1 Rad8 22. Bc4 Be6 23. Bf1 Rxd2 24. Qxd2 Nc8 25. b3 Bf6 26. Qe3 Nd6 27. Bxf4 exf4 28. Qxf4 Bxc3 29. Qxd6 Qxd6 30. Rxd6 1-0


[Site "https://www.chess.com"]

[Event "Titled Tuesday Blitz March 28 Late 2023"]
[White "Benevides Demasi, Joao Otavio"]
[Black "Senft, Sean"]
[WhiteFideId "30916224"]
[BlackFideId "2044960"]
[WhiteElo "2105"]
[BlackElo "1989"]
[Result "1-0"]
[Round "02"]
[TimeControl "180+2"]
[Date "2023.03.28"]
[WhiteClock "0:02:23"]
[BlackClock "0:00:02"]

1. Nf3 d5 2. d3 c6 3. g3 Nf6 4. Bg2 Bg4 5. O-O Bxf3 6. Bxf3 e6 7. c4 Nbd7 8. cxd5 cxd5 9. Nc3 Be7 10. e4 dxe4 11. dxe4 O-O 12. e5 Ne8 13. Bxb7 Rb8 14. Bg2 Nxe5 15. Bf4 Bf6 16. Ne4 Qxd1 17. Nxf6+ gxf6 18. Rfxd1 Rxb2 19. Bxe5 fxe5 20. Rd7 Nf6 21. Rxa7 Rd8 22. Ra8 Rxa8 23. Bxa8 Ng4 24. a4 Nxf2 25. a5 Nh3+ 26. Kf1 Rxh2 27. a6 Rf2+ 28. Ke1 Rb2 29. a7 Nf2 30. Bc6 Nd3+ 31. Kf1 1-0


[Site "https://www.chess.com"]

[Event "Titled Tuesday Blitz March 28 Late 2023"]
[White "Melikhov, Evgeny V."]
[Black "Toma, Katarzyna"]
[WhiteFideId "4122046"]
[BlackFideId "1119907"]
[WhiteElo "2158"]
[BlackElo "2149"]
[Result "1-0"]
[Round "02"]
[TimeControl "180+2"]
[Date "2023.03.28"]
[WhiteClock "0:00:17"]
[BlackClock "0:00:02"]

1. d4 Nf6 2. c4 g6 3. Nc3 d5 4. cxd5 Nxd5 5. e4 Nxc3 6. bxc3 Bg7 7. Bc4 c5 8. Ne2 Nc6 9. Be3 O-O 10. h4 Qc7 11. Rc1 Rd8 12. h5 Ne5 13. Bb3 Ng4 14. Bf4 Qa5 15. h6 Bh8 16. f3 Ne5 17. O-O c4 18. Bc2 Nc6 19. Qd2 e5 20. Bg5 f6 21. Be3 Be6 22. d5 Bf7 23. Rb1 b6 24. Rb2 Qa6 25. Rfb1 Na5 26. Rb5 Nb7 27. R5b4 Nd6 28. Ra4 Qb7 29. Rab4 Rac8 30. a4 1-0


[Site "https://www.chess.com"]

[Event "Titled Tuesday Blitz March 28 Late 2023"]
[White "Sanchez, Robert"]
[Black "Rios Escobar, Adan"]
[WhiteFideId "2034360"]
[BlackFideId "3403645"]
[WhiteElo "2097"]
[BlackElo "2420"]
[Result "0-1"]
[Round "02"]
[TimeControl "180+2"]
[Date "2023.03.28"]
[WhiteClock "0:01:55"]
[BlackClock "0:00:44"]

1. e4 c5 2. Nf3 d6 3. d4 cxd4 4. Nxd4 Nf6 5. Nc3 a6 6. Be3 e5 7. Nb3 Be7 8. f3 Be6 9. Qd2 h5 10. O-O-O Nbd7 11. Nd5 Nxd5 12. exd5 Bf5 13. Bd3 Bxd3 14. cxd3 Rc8+ 15. Kb1 Nf6 16. d4 Nxd5 17. dxe5 Nxe3 18. Qxe3 d5 19. Qd3 O-O 20. Qxd5 Qb6 21. Qd4 Qg6+ 22. Qd3 Qxg2 23. Nd4 Rfd8 24. Rhg1 Qxh2 25. e6 Bf6 26. exf7+ Kh8 27. Rh1 Qe5 28. Qg6 Rc5 29. Ne6 Qxb2# 0-1


[Site "https://www.chess.com"]

[Event "Titled Tuesday Blitz March 28 Late 2023"]
[White "Vafin, Ayrat"]
[Black "Manu_ChessExcelsior"]
[WhiteFideId "4146530"]
[WhiteElo "2317"]
[BlackElo "2091"]
[Result "1-0"]
[Round "02"]
[TimeControl "180+2"]
[Date "2023.03.28"]
[WhiteClock "0:01:06"]
[BlackClock "0:00:02"]

1. Nf3 d5 2. g3 e6 3. Bg2 Nf6 4. c4 Be7 5. b3 O-O 6. Bb2 b6 7. e3 Bb7 8. O-O c5 9. Qe2 Nbd7 10. Nc3 Rc8 11. d3 Qc7 12. Rfd1 Rfd8 13. Rac1 Qb8 14. cxd5 Nxd5 15. Nxd5 Bxd5 16. d4 cxd4 17. Nxd4 Bxg2 18. Kxg2 Qb7+ 19. Qf3 Qxf3+ 20. Kxf3 Ne5+ 21. Ke2 Bf6 22. f4 Ng6 23. Rxc8 Rxc8 24. Rd2 Ne7 25. Nb5 Bxb2 26. Rxb2 a6 27. Nd6 Rc7 28. Nc4 b5 29. Ne5 f6 30. Nd3 Kf7 31. e4 h5 32. Ke3 Ke8 33. Rd2 Nc8 34. Nb4 a5 35. Nc2 Ke7 36. Nd4 Nd6 37. e5 Nf5+ 38. Nxf5+ exf5 39. exf6+ Kxf6 40. Rd6+ Ke7 41. Ra6 1-0


[Site "https://www.chess.com"]

[Event "Titled Tuesday Blitz March 28 Late 2023"]
[White "Svicevic, Rastko"]
[Black "Kazmaier, Daniel"]
[WhiteFideId "916315"]
[BlackFideId "2606089"]
[WhiteElo "2071"]
[BlackElo "2418"]
[Result "0-1"]
[Round "02"]
[TimeControl "180+2"]
[Date "2023.03.28"]
[WhiteClock "0:00:01"]
[BlackClock "0:00:24"]

1. d4 f5 2. Bg5 h6 3. Bh4 g5 4. e3 Bg7 5. Bg3 Nf6 6. Nc3 d6 7. h4 e6 8. hxg5 hxg5 9. Rxh8+ Bxh8 10. Nh3 g4 11. Nf4 Nc6 12. Qd2 Bd7 13. O-O-O Ne7 14. Bc4 Kf7 15. Rh1 Qg8 16. d5 e5 17. Ne6 Rc8 18. Bb3 c6 19. dxc6 Bxe6 20. cxb7 Rc6 21. Bxe6+ Kxe6 22. Nb5 Qb8 23. Qa5 a6 24. Nxd6 Nfd5 25. Nc8 Bf6 26. Nxe7 Nxe7 27. Rh6 Nd5 28. Kb1 Qxb7 0-1


[Site "https://www.chess.com"]

[Event "Titled Tuesday Blitz March 28 Late 2023"]
[White "Rottenwohrer Suarez, Juan"]
[Black "Ardito, Andrew"]
[WhiteFideId "32068182"]
[BlackFideId "2033976"]
[WhiteElo "2174"]
[BlackElo "2090"]
[Result "1-0"]
[Round "02"]
[TimeControl "180+2"]
[Date "2023.03.28"]
[WhiteClock "0:01:00"]
[BlackClock "0:00:19"]

1. e4 Nf6 2. e5 Ng8 3. d4 d6 4. Nf3 Bg4 5. h3 Bh5 6. Bc4 d5 7. Be2 e6 8. O-O c5 9. c4 Nc6 10. cxd5 exd5 11. Bg5 Be7 12. Bxe7 Ngxe7 13. dxc5 O-O 14. Nc3 d4 15. Nb5 Bxf3 16. Bxf3 Nxe5 17. Bxb7 Rb8 18. Nd6 Nf5 19. Nxf5 Rxb7 20. Rb1 d3 21. Nd6 Rc7 22. b4 Qh4 23. Re1 f6 24. Re4 Qh6 25. f4 Ng6 26. Qxd3 Nxf4 27. Qc4+ Kh8 28. Rxf4 1-0


[Site "https://www.chess.com"]

[Event "Titled Tuesday Blitz March 28 Late 2023"]
[White "Matute Escobar, Roxanny"]
[Black "Vedder, Richard"]
[WhiteFideId "3926028"]
[BlackFideId "1004166"]
[WhiteElo "1732"]
[BlackElo "2168"]
[Result "0-1"]
[Round "02"]
[TimeControl "180+2"]
[Date "2023.03.28"]
[WhiteClock "0:00:27"]
[BlackClock "0:00:17"]

1. e4 e5 2. Nf3 Nc6 3. Bc4 Nf6 4. d3 h6 5. c3 d6 6. Nbd2 g6 7. Nf1 Bg7 8. Ne3 O-O 9. Bb3 Na5 10. Bc2 c5 11. O-O Nc6 12. h3 d5 13. Qe2 d4 14. Nc4 Re8 15. a4 Nh5 16. a5 Qf6 17. Ba4 Nf4 18. Bxf4 Qxf4 19. cxd4 cxd4 20. Nd6 Rd8 21. Nxc8 Raxc8 22. Bb5 Ne7 23. Bc4 Kh7 24. b4 g5 25. Nd2 Ng6 26. Bb3 Qf6 27. Nc4 Nf4 28. Qf3 Qe7 29. b5 Qb4 30. Rfb1 Qc3 31. b6 a6 32. Qg4 Qxd3 33. Qf5+ Ng6 34. Qxf7 Rf8 35. Qe6 Rce8 36. Qd7 Re7 37. Qg4 Rf4 38. Qc8 Rf8 39. Qg4 Nf4 40. Nd6 Ne2+ 41. Kh1 Rxf2 42. Nf5 Rxf5 43. Qxf5+ Kh8 44. Qc8+ Kh7 45. Qf5+ Kh8 46. Qg4 Ng3+ 47. Kh2 Nxe4 48. Rc1 Nf6 49. Rc8+ Kh7 50. Qd1 Qxd1 51. Rxd1 e4 52. Bc2 d3 53. Bxd3 exd3 54. Rxd3 Ne4 55. Rb8 Be5+ 56. g3 Rf7 57. Kg2 Rf2+ 58. Kg1 Rf7 59. Rd7 Rxd7 60. Re8 Nxg3 61. Rxe5 Kg6 62. Rc5 Kf6 63. Rc7 Ke6 64. Rc8 Ne4 65. Re8+ Kd5 66. Rh8 Kc5 67. Rxh6 Kb5 68. Re6 Nc5 69. Re8 Kxa5 70. Rg8 Kxb6 71. Rxg5 a5 72. h4 a4 73. h5 a3 74. Rg3 a2 75. Ra3 Rd1+ 76. Kf2 a1=Q 77. Rxa1 Rxa1 0-1


[Site "https://www.chess.com"]

[Event "Titled Tuesday Blitz March 28 Late 2023"]
[White "Kielinkei"]
[Black "Necula, Iulian"]
[BlackFideId "1232380"]
[WhiteElo "2415"]
[BlackElo "1790"]
[Result "0-1"]
[Round "02"]
[TimeControl "180+2"]
[Date "2023.03.28"]
[WhiteClock "0:00:08"]
[BlackClock "0:00:56"]

1. Nf3 d6 2. e4 Nf6 3. Nc3 e5 4. d4 Nbd7 5. h3 Be7 6. Be3 c6 7. a4 Qc7 8. Bc4 h6 9. O-O g5 10. dxe5 dxe5 11. Qe2 Nf8 12. Rad1 Ng6 13. Nh2 Nf4 14. Bxf4 gxf4 15. Ng4 Nxg4 16. hxg4 Rg8 17. f3 h5 18. gxh5 Bh3 19. Rf2 Bc5 20. Kf1 Bxf2 21. gxh3 Be3 22. Qh2 Rg1+ 23. Ke2 Rxd1 24. Nxd1 O-O-O 25. Nxe3 fxe3 26. Kxe3 Qb6+ 27. Ke2 Qxb2 28. Bd3 c5 29. Qg1 b6 30. h6 c4 31. h7 cxd3+ 32. Kf2 Qxc2+ 33. Kg3 Rh8 34. Kh4 d2 35. Qg8+ Kb7 36. Qxf7+ Ka6 37. Qg7 Rxh7+ 38. Qxh7 d1=Q 39. Qf5 Qe1+ 40. Kg5 Qg3+ 41. Kf6 Qf4 42. Qxf4 exf4 43. e5 Qc3 44. Kf5 Qxf3 45. e6 Qe3 46. Kf6 f3 47. e7 f2 48. Kf7 f1=Q+ 49. Ke8 Qfe1 0-1


[Site "https://www.chess.com"]

[Event "Titled Tuesday Blitz March 28 Late 2023"]
[White "dorpato"]
[Black "Silva, Pedro Gil Ferreira Da"]
[BlackFideId "1946102"]
[WhiteElo "2041"]
[BlackElo "2255"]
[Result "0-1"]
[Round "02"]
[TimeControl "180+2"]
[Date "2023.03.28"]
[WhiteClock "0:00:12"]
[BlackClock "0:01:26"]

1. d4 Nf6 2. c4 e6 3. Nf3 Bb4+ 4. Bd2 c5 5. Bxb4 cxb4 6. a3 bxa3 7. Rxa3 O-O 8. Nc3 d6 9. e3 Nc6 10. Be2 e5 11. O-O Bg4 12. d5 Nb8 13. Qb3 Bxf3 14. Bxf3 b6 15. Rfa1 a5 16. Nb5 Na6 17. Qc2 Qe7 18. Qd2 Nd7 19. e4 Ndc5 20. Qe3 Nb4 21. Bd1 f5 22. f3 fxe4 23. fxe4 Rf4 24. Nc3 Raf8 25. h3 Qg5 26. Kh2 Qd8 27. Bf3 Qh4 28. Rg1 Nc2 29. Qe2 Nxa3 30. bxa3 Qf6 31. Nb5 h6 32. Nc7 Qf7 33. Nb5 Qe7 34. Nc3 Kh7 35. Bg4 Qg5 36. Bf5+ R4xf5 37. exf5 Qxf5 38. Nd1 Qf4+ 39. Kh1 Ne4 40. Qe3 Ng3+ 41. Kh2 Nf1+ 42. Kh1 Nxe3 0-1


[Site "https://www.chess.com"]

[Event "Titled Tuesday Blitz March 28 Late 2023"]
[White "Ribeiro, Matheus Mendes Domingues"]
[Black "Maluco_do_Natal_00"]
[WhiteFideId "324226923"]
[WhiteElo "2168"]
[BlackElo "2035"]
[Result "1-0"]
[Round "02"]
[TimeControl "180+2"]
[Date "2023.03.28"]
[WhiteClock "0:02:30"]
[BlackClock "0:00:02"]

1. c4 c5 2. g3 Nc6 3. Bg2 Nf6 4. Nf3 g6 5. O-O Bg7 6. Nc3 O-O 7. d4 cxd4 8. Nxd4 a6 9. b3 Qc7 10. Bb2 d6 11. Rc1 h6 12. Nd5 Qd8 13. Nxf6+ Bxf6 14. Nxc6 bxc6 15. Bxf6 exf6 16. Bxc6 Rb8 17. Qd4 Kg7 18. Rfd1 Be6 19. Qxd6 Qb6 20. Bg2 Rfd8 21. Qxb6 Rxd1+ 22. Rxd1 Rxb6 23. c5 Rb4 24. Rc1 Rb8 25. c6 Rc8 26. c7 a5 27. Bb7 f5 28. Bxc8 Bxc8 29. Rd1 Kf6 30. Rd8 Bb7 31. c8=Q Bxc8 32. Rxc8 1-0


[Site "https://www.chess.com"]

[Event "Titled Tuesday Blitz March 28 Late 2023"]
[White "Pirvulescu, Ekaterina"]
[Black "marik_spb"]
[WhiteFideId "13506374"]
[WhiteElo "2006"]
[BlackElo "2412"]
[Result "1-0"]
[Round "02"]
[TimeControl "180+2"]
[Date "2023.03.28"]
[WhiteClock "0:00:04"]
[BlackClock "0:00:14"]

1. e4 c6 2. d4 d5 3. exd5 cxd5 4. Nf3 Nf6 5. Bb5+ Bd7 6. Bxd7+ Nbxd7 7. O-O e6 8. c3 Bd6 9. h3 O-O 10. Qe2 a6 11. Re1 b5 12. Ne5 b4 13. Nxd7 Qxd7 14. Bg5 Ne4 15. Be3 bxc3 16. Nxc3 Nxc3 17. bxc3 Rfc8 18. Rec1 Rc4 19. Rc2 Rac8 20. Qd3 Qc6 21. Bd2 Qb5 22. Rcc1 h6 23. Rab1 Qc6 24. Rb3 a5 25. Rcb1 Bc7 26. Rb5 a4 27. Kf1 Qd6 28. g3 Rb8 29. Rxb8+ Bxb8 30. Bf4 Qd8 31. Rxb8 Rc8 32. Qb5 g5 33. Rxc8 Qxc8 34. Qb8 Qf8 35. Qxf8+ Kxf8 36. Bd6+ Ke8 37. Ke2 h5 38. Kd3 Kd7 39. Bb4 Kc6 40. a3 f5 41. c4 dxc4+ 42. Kxc4 g4 43. hxg4 fxg4 44. Be7 Kd7 45. Bf6 Kc6 46. Kb4 Kd5 47. Kxa4 Ke4 48. Kb5 Kf3 49. a4 Kxf2 50. Bh4 Ke3 51. Kc4 Ke4 52. a5 e5 53. dxe5 Kxe5 54. a6 Ke4 55. a7 Kf3 56. a8=Q+ Kf2 57. Qh1 Ke2 58. Qg2+ Ke3 59. Qg1+ Kf3 60. Qf1+ Ke3 61. Bg5+ Ke4 62. Qe2+ Kf5 63. Bh6 h4 64. Qf2+ Kg6 65. gxh4 g3 66. Qxg3+ Kxh6 67. Qg5+ Kh7 68. Kd5 Kh8 69. Ke6 Kh7 70. Kf7 Kh8 71. Qg7# 1-0


[Site "https://www.chess.com"]

[Event "Titled Tuesday Blitz March 28 Late 2023"]
[White "Dmitrenko, Viktor"]
[Black "Maranhao,Jose Renato Ruiz"]
[WhiteFideId "14110270"]
[BlackFideId "2135175"]
[WhiteElo "2292"]
[BlackElo "1970"]
[Result "1-0"]
[Round "02"]
[TimeControl "180+2"]
[Date "2023.03.28"]
[WhiteClock "0:01:19"]
[BlackClock "0:00:01"]

1. e4 c6 2. d4 d5 3. e5 Bf5 4. h4 h6 5. g4 Be4 6. f3 Bh7 7. e6 Qd6 8. exf7+ Kxf7 9. Bd3 Qg3+ 10. Kf1 Bxd3+ 11. Qxd3 Nf6 12. h5 Nbd7 13. Ne2 Qc7 14. Qg6+ Ke6 15. Nf4+ Kd6 16. Nd3 e5 17. dxe5+ Nxe5 18. Bf4 Re8 19. Qxe8 Nxe8 20. Bxe5+ Kd7 21. Bxc7 Nxc7 22. Nc3 Bd6 23. Kg2 Rf8 24. Rae1 Ne6 25. Ne2 a5 26. c3 a4 27. a3 b5 28. Rhf1 Rf7 29. Nd4 Nxd4 30. cxd4 Rf8 31. f4 Rb8 32. f5 b4 33. axb4 Bxb4 34. Re6 Bd2 35. Rf2 Bg5 36. Ne5+ Kc7 37. Rxc6+ Kd8 38. Rd6+ Kc7 39. Rxd5 Rb3 40. Rd7+ Kc8 41. Rxg7 Be3 42. Re2 Bxd4 43. f6 1-0


[Site "https://www.chess.com"]

[Event "Titled Tuesday Blitz March 28 Late 2023"]
[White "Corrales Jimenez, Fidel"]
[Black "Nakamura, Hikaru"]
[WhiteFideId "3506690"]
[BlackFideId "2016192"]
[WhiteElo "2541"]
[BlackElo "2879"]
[Result "0-1"]
[Round "03"]
[TimeControl "180+2"]
[Date "2023.03.28"]
[WhiteClock "0:00:29"]
[BlackClock "0:01:37"]

1. d4 g6 2. c4 Bg7 3. Nc3 c5 4. d5 Bxc3+ 5. bxc3 f5 6. Nf3 Qa5 7. Qd3 d6 8. h4 Nf6 9. Bh6 Nbd7 10. Bg7 Rg8 11. Bxf6 Nxf6 12. Nd2 Bd7 13. f3 f4 14. e3 Bf5 15. e4 Bc8 16. Kf2 Nd7 17. Nb3 Qa3 18. Qd2 Rf8 19. Nc1 Ne5 20. Bd3 b6 21. Ne2 Ba6 22. Rhb1 h6 23. Rb3 Qa5 24. a4 g5 25. hxg5 hxg5 26. Nc1 g4 27. Qb2 Nxd3+ 28. Nxd3 Bxc4 29. Rb5 Qa6 30. Rd1 g3+ 31. Ke1 Qxa4 32. Rxb6 axb6 33. Qxb6 Qb5 34. Qc7 Kf7 35. e5 Rfc8 36. e6+ Ke8 0-1


[Site "https://www.chess.com"]